 Dungeon Sprint DCSS version 0.23.2-30-g0e89c35649 (webtiles) character file.

Game seed: 3666800756175940732

7422 Kobolds4U the Spry (level 10, -5/110 HPs)
             Began as a Minotaur Berserker on June 10, 2019.
             Was a High Priest of Trog.
             Slain by an unseen horror (10 damage)
             ... in the Dungeon (Sprint I: "Red Sonja").
             The game lasted 00:06:37 (1910 turns).

Kobolds4U the Spry (Minotaur Berserker)             Turns: 1910, Time: 00:06:38

Health: -5/110     AC:  6    Str: 23    XL:     10   Next: 93%
Magic:  9/9        EV: 22    Int:  4    God:    Trog [*****.]
Gold:   704        SH:  0    Dex: 12    Spells: 9/9 levels left

rFire    . . .     SeeInvis .   a - +0 falchion
rCold    . . .     Gourm    .   (no shield)
rNeg     . . .     Faith    .   j - +3 leather armour
rPois    .         Spirit   .   (helmet restricted)
rElec    .         Reflect  .   (no cloak)
rCorr    .         Harm     .   (no gloves)
MR       ++...     NoTele   +   (no boots)
Stlth    +.........             (no amulet)
HPRegen  1.28/turn              (no ring)
MPRegen  0.11/turn              (no ring)

@: berserk cooldown, starving, regenerating, slowed, very slow
A: retaliatory headbutt, horns 2
a: Berserk, Trog's Hand, Brothers in Arms, Renounce Religion


You were in the Dungeon.
You worshipped Trog.
Trog was extremely pleased with you.
You were starving.

You visited 1 branch You collected 756 gold pieces.
You spent 52 gold pieces at shops.

Inventory:

Hand Weapons
 a - a +0 falchion (weapon)
 b - a +2 longbow of velocity
 k - a +2 antimagic great mace
Missiles
 m - 45 arrows
Armour
 j - a +3 leather armour (worn)
Scrolls
 c - a scroll of remove curse
 i - a scroll of blinking
Potions
 d - a potion of curing
 e - 2 potions of flight
 f - a potion of haste
 g - 2 potions of magic
 h - a potion of berserk rage


   Skills:
 + Level 16.8 Fighting
 - Level 14.2 Long Blades
 * Level 5.4 Bows
 - Level 2.4 Armour
 * Level 18.5 Dodging


You had 9 spell levels left.
You didn't know any spells.
Your spell library was empty.

Dungeon Overview and Level Annotations

Branches:
Dungeon (1/1)

Altars:
Cheibriados
Dithmenos
Elyvilon
Fedhas
Gozag
Hepliaklqana
Kikubaaqudgha
Makhleb
Nemelex Xobeh
Okawaru
Qazlal
Ru
Sif Muna
Trog
Uskayaw
Vehumet
Wu Jian
Xom
Yredelemnul
Zin
The Shining One
Jiyva
Lugonu

Shops:
D ?


Innate Abilities, Weirdness & Mutations

You reflexively headbutt those who attack you in melee.
You have a pair of horns on your head.


Message History

* * * LOW HITPOINT WARNING * * *
You closely miss something. Something hits you!
* * * LOW HITPOINT WARNING * * *
Something hits you!
* * * LOW HITPOINT WARNING * * *
Something hits you.
* * * LOW HITPOINT WARNING * * *
You miss something. You slash something! Something closely misses you.
You hit something. Something closely misses you.
You hit something but do no damage. You headbutt something! Something hits you.
* * * LOW HITPOINT WARNING * * *
You hit something.
You are no longer berserk.
You are exhausted.
You feel yourself slow down. Something hits you!
* * * LOW HITPOINT WARNING * * *
You hit something but do no damage. Your headbutt misses something.
Something hits you!
You die...

#__####..##)#§≈§.§#..##+####
#_____##'#_.'§≈§§§'§.#...
#_.∩...'..._#≈§≈.§#§.#..°○
#_..__##_.#'##+#####'###○°^
#_____###+#(# #.'§#.°^#
####### ### ###§#^^## #.#..#
##########.# #...@{..##.#
#........§§# #+++######§#
#§# +§# ###


There were no monsters in sight!

Vanquished Creatures
  2 centaur warriors (D)
  An unseen horror (D)
  A lindwurm (D)
  An oklob plant (D)
  A gargoyle (D)
  3 demonic crawlers (D)
  2 kobold demonologists (D)
  A hornet (D)
  A slime creature (D)
  Sigmund (D)
  2 redbacks (D)
  A yak (D)
  13 hogs (D)
  A floating eye (D)
  An ogre (D)
  A jelly (D)
  Ijyb (D)
34 creatures vanquished.

Vanquished Creatures (collateral kills)
  A demonic crawler (D)
1 creature vanquished.

Grand Total: 35 creatures vanquished

Notes
Turn   | Place    | Note
-------+----------+-------------------------------------------
     0 | D        | Kobolds4U the Minotaur Berserker began the quest for the
                  | Orb.
     0 | D        | Reached XP level 1. HP: 19/19 MP: 0/0
     1 | D        | Noticed Ijyb
     7 | D        | Killed Ijyb
     7 | D        | Reached skill level 5 in Fighting
     7 | D        | Reached XP level 2. HP: 29/29 MP: 1/1
    49 | D        | Noticed an ogre
    53 | D        | Killed an ogre
    53 | D        | Reached XP level 3. HP: 39/39 MP: 2/2
    53 | D        | Reached XP level 4. HP: 47/47 MP: 3/3
    82 | D        | Noticed Sigmund
    92 | D        | Killed Sigmund
    92 | D        | Reached ** piety under Trog
    92 | D        | Reached XP level 5. HP: 57/57 MP: 4/4
   107 | D        | Found an ornate altar of the Wu Jian Council.
   107 | D        | Found a deep blue altar of Sif Muna.
   109 | D        | Found a radiant altar of Vehumet.
   111 | D        | Reached skill level 3 in Dodging
   111 | D        | Reached XP level 6. HP: 64/64 MP: 5/5
   132 | D        | Found Tev Asai's Magic Scroll Emporium.
   132 | D        | Found an ancient bone altar of Kikubaaqudgha.
   132 | D        | Found a hazy altar of Hepliaklqana.
   132 | D        | Found a stormy altar of Qazlal.
   132 | D        | Found a hide-covered altar of Uskayaw.
   132 | D        | Found a blossoming altar of Fedhas.
   132 | D        | Found a bloodstained altar of Trog.
   132 | D        | Found an iron altar of Okawaru.
   132 | D        | Found a basalt altar of Yredelemnul.
   132 | D        | Found a glowing golden altar of the Shining One.
   132 | D        | Found a snail-covered altar of Cheibriados.
   132 | D        | Found a sacrificial altar of Ru.
   132 | D        | Found a glowing silver altar of Zin.
   132 | D        | Found a shadowy altar of Dithmenos.
   132 | D        | Found a white marble altar of Elyvilon.
   132 | D        | Noticed a yak
   142 | D        | Killed a yak
   142 | D        | Reached skill level 10 in Fighting
   142 | D        | Reached skill level 6 in Dodging
   143 | D        | Found an opulent altar of Gozag.
   146 | D        | Found a sparkling altar of Nemelex Xobeh.
   214 | D        | Bought a scroll of identify for 26 gold pieces
   214 | D        | Bought a scroll of identify for 26 gold pieces
   226 | D        | Found a burning altar of Makhleb.
   226 | D        | Found a viscous altar of Jiyva.
   226 | D        | Found a shimmering altar of Xom.
   226 | D        | Found a corrupted altar of Lugonu.
   226 | D        | Noticed a slime creature
   241 | D        | Killed a slime creature
   241 | D        | Reached *** piety under Trog
   241 | D        | Reached skill level 7 in Dodging
   241 | D        | Reached XP level 7. HP: 8/73 MP: 6/6
   544 | D        | Noticed a kobold demonologist
   544 | D        | Noticed a kobold demonologist
   546 | D        | Paralysed by a floating eye for 2 turns
   549 | D        | Noticed a red devil
   550 | D        | Reached skill level 8 in Dodging
   559 | D        | Killed a kobold demonologist
   559 | D        | Reached skill level 9 in Dodging
   564 | D        | Killed a kobold demonologist
   564 | D        | Reached **** piety under Trog
   564 | D        | Reached skill level 10 in Dodging
   564 | D        | Reached XP level 8. HP: 83/83 MP: 7/7
   598 | D        | Noticed a demonic crawler
   598 | D        | Noticed a demonic crawler
   598 | D        | Noticed a demonic crawler
   598 | D        | Noticed a demonic crawler
   602 | D        | Killed a demonic crawler
   602 | D        | Reached skill level 11 in Dodging
   609 | D        | Killed a demonic crawler
   609 | D        | Reached skill level 12 in Dodging
   613 | D        | Killed a demonic crawler
   613 | D        | Reached XP level 9. HP: 93/93 MP: 8/8
   619 | D        | Killed a demonic crawler
   619 | D        | Reached skill level 13 in Dodging
   736 | D        | Noticed a lindwurm
   750 | D        | Killed a lindwurm
   750 | D        | Reached skill level 14 in Dodging
   970 | D        | Reached ***** piety under Trog
   978 | D        | Reached skill level 15 in Dodging
   998 | D        | Reached skill level 15 in Fighting
  1002 | D        | Received a gift from Trog
  1002 | D        | Reached skill level 16 in Dodging
  1007 | D        | Reached XP level 10. HP: 35/105 MP: 9/9
  1390 | D        | Noticed a gargoyle
  1407 | D        | Killed a gargoyle
  1426 | D        | Noticed a centaur warrior
  1427 | D        | Noticed a centaur warrior
  1446 | D        | Killed a centaur warrior
  1446 | D        | Reached skill level 17 in Dodging
  1450 | D        | Killed a centaur warrior
  1450 | D        | Received a gift from Trog
  1488 | D        | Reached skill level 1 in Bows
  1488 | D        | Reached skill level 18 in Dodging
  1535 | D        | Noticed an oklob plant
  1824 | D        | Killed an oklob plant
  1840 | D        | Reached ****** piety under Trog
  1900 | D        | Killed an unseen horror
  1900 | D        | Reached skill level 5 in Bows
  1909 | D        | HP: 4/110 [something (8)]
  1910 | D        | Slain by an unseen horror

Skill      XL: |  1  2  3  4  5  6  7  8  9 10 |
---------------+-------------------------------+-----
Fighting       | 5 7 9 10 12 13 15 16 | 16.8
Long Blades    | 6 9 12 13 14 | 14.2
Dodging        | 3 7 10 12 16 18 | 18.5
Bows           | 5 |  5.4
Armour         | |  2.4

Action                   |  1- 3 |  4- 6 |  7- 9 | 10-12 || total
-------------------------+-------+-------+-------+-------++-------
Melee: Falchion          |     7 |    31 |    88 |    95 ||   221
       Headbutt          |       |     9 |    24 |    33 ||    66
Invok: Berserk           |     2 |       |     2 |     2 ||     6
       Trog's Hand       |       |       |     2 |     2 ||     4
       Brothers in Arms  |       |       |     1 |     1 ||     2
  Use: Scroll            |       |     1 |     1 |       ||     2
       Potion            |       |       |     1 |       ||     1
  Eat: Ration            |       |       |     1 |       ||     1
       Chunk             |       |       |       |     6 ||     6
Armor: Leather armour    |       |     3 |    10 |    16 ||    29
Dodge: Dodged            |     1 |    10 |    64 |    45 ||   120
       Rpst.: Falchion   |       |     3 |    17 |     6 ||    26
